 Dungeon Crawl Stone Soup version 0.21-a0-110-g8e1637b (webtiles) character file.

1509 nikopol the Thaumaturge (level 8, -2/42 HPs)
             Began as a Deep Elf Fire Elementalist on July 8, 2017.
             Killed by divine providence
             ... invoked by an orc priest
              (14 damage)
             ... on level 5 of the Dungeon.
             The game lasted 00:31:51 (7479 turns).

nikopol the Thaumaturge (DEFE)                      Turns: 7479, Time: 00:31:52

Health: -2/42      AC:  5    Str:  5    XL:     8   Next: 53%
Magic:  25/31      EV: 13    Int: 29    God:
Gold:   309        SH:  0    Dex: 15    Spells: 13/24 levels left

rFire    . . .     SeeInvis .   D - +3 dagger (elec)
rCold    . . .     Gourm    .   (no shield)
rNeg     . . .     Faith    .   f - +0 robe
rPois    .         Spirit   .   y - +0 helmet
rElec    .         Reflect  .   H - +0 cloak
rCorr    .         Harm     .   u - +0 pair of gloves
MR       .....                  (no boots)
Stlth    ++........             (no amulet)
HPRegen  0.14/turn              h - +6 ring of intelligence
MPRegen  0.22/turn              x - ring of magical power

@: no status effects
A: no striking features
a: no special abilities


You were on level 5 of the Dungeon.
You were not hungry.

You visited 2 branches of the dungeon, and saw 7 of its levels.
You also visited: Sewer.

You collected 309 gold pieces.

Inventory:

Hand Weapons
 j - a +2 dagger of venom
 D - a +3 dagger of electrocution (weapon)
Armour
 a - a +0 robe
 f - a +0 robe (worn)
 u - a +0 pair of gloves (worn)
 y - a +0 helmet (worn)
 H - a +0 cloak (worn)
Jewellery
 h - a +6 ring of intelligence (left hand)
 v - a cursed amulet of inaccuracy
 x - a ring of magical power (right hand)
 E - a -2 ring of evasion
Wands
 F - a wand of iceblast (10/15)
Scrolls
 e - a scroll of recharging {unknown}
 g - 3 scrolls of magic mapping
 i - 4 scrolls of teleportation
 o - a scroll of random uselessness
 p - a scroll of amnesia
 r - 5 scrolls of identify
 s - a scroll of blinking {unknown}
 t - 2 scrolls of remove curse
 C - a scroll of fog {unknown}
 G - 2 scrolls of enchant weapon
Potions
 k - 4 potions of curing {unknown}
 l - a potion of invisibility {unknown}
 m - 5 potions of heal wounds {unknown}
 q - 3 potions of might {unknown}
 w - a potion of mutation {unknown}
 z - a potion of berserk rage {unknown}
 A - 3 potions of lignification {unknown}
 I - 2 potions of brilliance {unknown}
Books
 b - a book of Flames

   Spells                             Type                      Level
   a - Flame Tongue                   Conjuration/Fire             1
   b - Throw Flame                    Conjuration/Fire             2
   c - Conjure Flame                  Conjuration/Fire             3
   d - Inner Flame                    Hexes/Fire                   3
   e - Sticky Flame                   Conjuration/Fire             4
   f - Fireball                       Conjuration/Fire             5
Comestibles
 c - 6 bread rations
 d - 6 royal jellies
 n - 2 meat rations
 B - 2 fruits
 J - 6 chunks of flesh


   Skills:
 + Level 0.7 Fighting
 + Level 3.2 Dodging
 + Level 3.5 Stealth
 + Level 8.6 Spellcasting
 + Level 6.0 Conjurations
 + Level 7.3 Fire Magic


You had 13 spell levels left.
You knew the following spells:

 Your Spells              Type           Power        Failure   Level  Hunger
a - Flame Tongue          Conj/Fire      #####        1%          1    None
b - Throw Flame           Conj/Fire      ######       1%          2    None
c - Conjure Flame         Conj/Fire      ######..     1%          3    None
d - Fireball              Conj/Fire      ######....   8%          5    ####...


Dungeon Overview and Level Annotations

Branches:
Dungeon (6/15)             Temple (1/1) D:4

Altars:
Ashenzari
Cheibriados
Dithmenos
Elyvilon
Fedhas
Gozag
Hepliaklqana
Kikubaaqudgha
Nemelex Xobeh
Okawaru
Qazlal
Ru
Sif Muna
Trog
Uskayaw
Yredelemnul
Zin


Message History

The flame tongue hits the orc priest.
The orc priest appears unharmed.
The orc priest mumbles some strange prayers to Beogh against you.
Beogh smites you!
An orc comes into view.
The orc shouts!
Casting: Flame Tongue
Confirm with . or Enter, or press ? or * to list all spells.
Aiming: Flame Tongue
Press: ? - help, Shift-Dir - straight line, f/p - orc priest
Aim: an orc priest, wearing a ring mail The flame tongue hits the orc priest.
The orc priest is lightly wounded.
The orc priest calls down the wrath of Beogh upon you.
Beogh smites you!
* * * LOW HITPOINT WARNING * * *
An adder comes into view.
The adder hisses angrily.
The orc priest invokes the aid of Beogh against you.
Beogh smites you!
You die... .... #.##...
S.. #.# #.##... ..# #.# #.##... .. #.# #.##... #.# #.# #...... #oo

###.# ####...
#ยง##...## #.#.
#..#.#..# #.#.
##.@....# ######...
#..P.P.# .........
#..._..# #.########
##.P.P.###.##......
#.................
##...#.##...#...#.
##..#...##...#.#.
#.........##.....
#...#..##...##...


You could see 2 orc priests and an adder.

Vanquished Creatures
  Grinder (D:4)
  2 phantoms
  An ogre (D:4)
  A big kobold (Sewer)
  Blork the orc (D:4)
  A scorpion (D:4)
  A crimson imp (D:4)
  A quasit (Sewer)
  A hound (D:5)
  2 orc priests
  3 bullfrog skeletons (D:4)
  Ijyb (D:5)
  4 orc wizards (D:4)
  2 worker ants
  5 big kobold zombies (Sewer)
  A hound skeleton (D:4)
  4 gnolls (D:4)
  8 adders
  2 river rats
  5 shadow imps
  2 ufetubi (Sewer)
  4 oozes
  4 worms
  3 dart slugs
  2 leopard geckos
  21 orcs
  7 ball pythons
  10 giant cockroaches
  3 goblins
  5 hobgoblins
  9 jackals
  2 quokkas (D:4)
  5 bats
  4 frilled lizards
  17 kobolds
  3 kobold zombies (Sewer)
  A quokka zombie (D:5)
  13 rats
162 creatures vanquished.

Vanquished Creatures (others)
  An ooze (Sewer)
1 creature vanquished.

Grand Total: 163 creatures vanquished

Notes
Turn   | Place    | Note
-------+----------+-------------------------------------------
     0 | D:1      | nikopol the Deep Elf Fire Elementalist began the quest for the Orb.
     0 | D:1      | Reached XP level 1. HP: 10/10 MP: 6/6
   123 | D:1      | Reached XP level 2. HP: 14/15 MP: 0/8
   531 | D:1      | Learned a level 2 spell: Throw Flame
  1279 | D:2      | Reached XP level 3. HP: 19/19 MP: 6/10
  1515 | D:2      | Reached skill level 4 in Spellcasting
  1865 | D:2      | Found a deep blue altar of Sif Muna.
  2150 | D:2      | Learned a level 3 spell: Conjure Flame
  2524 | D:3      | Reached XP level 4. HP: 6/24 MP: 3/12
  3530 | D:4      | HP: 1/24 [bullfrog skeleton (5)]
  3531 | D:4      | Reached XP level 5. HP: 2/28 MP: 3/13
  3781 | D:4      | Noticed Grinder
  3788 | D:4      | Killed Grinder
  3788 | D:4      | Reached skill level 5 in Spellcasting
  3788 | D:4      | Reached skill level 5 in Fire Magic
  3788 | D:4      | Reached XP level 6. HP: 28/32 MP: 4/16
  3874 | D:4      | Found a staircase to the Ecumenical Temple.
  3879 | Temple   | Entered the Ecumenical Temple
  4184 | D:4      | Noticed Blork the orc
  4195 | D:4      | Killed Blork the orc
  4195 | D:4      | Reached skill level 6 in Spellcasting
  4198 | D:4      | Reached XP level 7. HP: 31/36 MP: 1/18
  4463 | D:4      | You fall through a shaft for 2 floors!
  4481 | D:5      | Entered Level 5 of the Dungeon
  4481 | D:5      | Noticed Ijyb
  4488 | D:5      | Killed Ijyb
  4606 | D:6      | Found a glowing drain.
  4617 | Sewer    | Entered a sewer
  5068 | Sewer    | Found a burning altar of Makhleb.
  5267 | Sewer    | Reached skill level 7 in Spellcasting
  5406 | Sewer    | Reached skill level 5 in Conjurations
  5747 | D:6      | Reached XP level 8. HP: 15/42 MP: 9/21
  6671 | D:4      | Reached skill level 8 in Spellcasting
  6892 | D:4      | Learned a level 5 spell: Fireball
  7453 | D:5      | Found a basalt altar of Yredelemnul.
  7479 | D:5      | Killed from afar by an orc priest

Vault maps used:
D:1:      dpeg_arrival_chase, chequers_big_river
D:2:      lemuel_blue_sif_altar
D:4:      temple_statues, first_bread, kennysheep_diamond, minmay_fountain_box,
          uniq_grinder, uniq_blork_the_orc
D:5:      yredelemnul_altar_generic, hangedman_decor_peaks_small, minivault_5,
          uniq_ijyb
D:6:      portal_sewer_entry_b
Temple:   regret_index_temple_waves
Sewer:    kennysheep_sewer_church

Skill      XL: |  1  2  3  4  5  6  7  8 |
---------------+-------------------------+-----
Spellcasting   | 4 5 6 7 8 |  8.6
Fire Magic     | 4 5 6 7 |  7.3
Conjurations   | 2 3 4 5 6 |  6.0
Stealth        | 3 |  3.5
Dodging        | 3 |  3.2
Fighting       | |  0.7

Action                   |  1- 3 |  4- 6 |  7- 9 || total
-------------------------+-------+-------+-------++-------
Melee: Dagger            |       |       |     5 ||     5
 Cast: Flame Tongue      |    71 |    80 |   208 ||   359
       Conjure Flame     |     1 |     4 |     9 ||    14
       Throw Flame       |       |     4 |    29 ||    33
  Use: Scroll            |       |       |     7 ||     7
  Eat: Chunk             |     5 |     5 |    10 ||    20
Armor: Robe              |     1 |     4 |    17 ||    22
Dodge: Dodged            |    14 |     9 |    48 ||    71
